AoeStats
← Mac Demarco

Oasis

510141927Analyzed
3v3 RM · 3d ago on Sep 29, 2026· 22m 3s· 6 players
Game mode
Random Map
Map size
Normal (6 player)
Population
200
Speed
Normal
Resources
Standard
Victory
Conquest
Starting age
Dark Age
Ending age
Imperial Age
RankedLock teamsTeams togetherTeam positionsShared explorationLock speedFull tech treeHidden civsTurbo modeCheats
Victory
Defeat
🇩🇪 Persians · Germany
990
+14
🇳🇱 Hindustanis · Netherlands
974
+15
🇹🇷 Armenians · Türkiye
926
+17
🇫🇷 Hindustanis · France
1016
-17
🇵🇹 Spanish · Portugal
933
-15
🇺🇸 Italians · United States
905
-14
[AoS] jOhNChiLLy
3:37 Loom
11:36 Feudal Age
17:58 Double-Bit Axe
Dovahkiin
10:16 Feudal Age
11:12 Man-at-Arms
12:44 Arson
13:45 Arson
14:34 Long Swordsman
15:27 Scale Mail Armor
23:30 Castle Age
21:18 Horse Collar
21:26 Double-Bit Axe
[AoS] SenolMurat
6:57 Loom
9:35 Feudal Age
11:37 Double-Bit Axe
11:36 Horse Collar
23:10 Castle Age
Prodigy
2:03 Loom
11:31 Feudal Age
15:20 Castle Age
13:41 Double-Bit Axe
15:02 Horse Collar
16:38 Fletching
18:19 Crossbowman
KissMyAxe
6:33 Loom
9:09 Feudal Age
Mac Demarco
4:53 Loom
12:02 Feudal Age
17:30 Castle Age
Connection lost

Rejoining the realm…

Still unreachable

The connection could not be restored.

Session expired

The server has moved on; the page needs a fresh start.